 Seeded DCSS version 0.31-a0-774-g0d66cbabe8 (webtiles) character file.

Game seed: 9 (custom seed)

109 Psyclone the Sneak (level 4, -5/27 HPs)
             Began as an Octopode Fire Elementalist on Sept 17, 2023.
             Slain by an iguana (12 damage)
             ... on level 4 of the Dungeon.
             The game lasted 00:03:01 (1814 turns).

Psyclone the Sneak (Octopode Fire Elementalist)     Turns: 1814, Time: 00:03:02

Health: -5/27      AC:  1    Str:  7    XL:     4   Next: 89%
Magic:  1/7        EV: 13    Int: 19    God:
Gold:   77         SH:  0    Dex: 12    Spells: 7/8 levels left

rFire   . . .        (no weapon)
rCold   . . .        (no shield)
rNeg    + . .        (helmet restricted)
rPois   .            (no amulet)
rElec   .            d - ring of positive energy
rCorr   .            (no ring)
SInv    .            (no ring)
Will    .....        (no ring)
Stlth   +++          (no ring)
HPRegen 0.24/turn    (no ring)
MPRegen 0.10/turn    (no ring)
                     (no ring)

%: no passive effects
@: no status effects
A: almost no armour, amphibious, 8 rings, camouflage 1, gelatinous body 1,
(nimble swimmer 1), tentacles
a: no special abilities


You were on level 4 of the Dungeon.
You visited 2 branches of the dungeon, and saw 4 of its levels.

You collected 77 gold pieces.

Inventory:

Missiles
 f - 2 throwing nets {!f}
Jewellery
 d - a ring of positive energy (left tentacle)
Scrolls
 b - 2 scrolls of fear {unknown}
 c - a scroll of fog {unknown}
Potions
 a - a potion of magic
 e - a potion of heal wounds {unknown}


   Skills:
 + Level 2.8 Dodging
 + Level 3.8 Stealth
 + Level 2.6 Spellcasting
 + Level 2.1 Conjurations
 + Level 3.5 Fire Magic


You had 7 spell levels left.
You knew the following spells:

 Your Spells              Type           Power      Damage    Failure   Level
a - Foxfire               Conj/Fire      52%        2x1d6     4%          1

Your spell library contained the following spells:

 Spells                   Type           Power      Damage    Failure   Level
 Scorch                   Fire           32%        2d6       5%          2
 Inner Flame              Hex/Fire       9%         N/A       22%         3
 Volatile Blastmotes      Fire/Tloc      18%        2d11      22%         3
 Flame Wave               Conj/Fire      13%        2d6       43%         4


Dungeon Overview and Level Annotations

Branches:
Dungeon (4/15) Zot: 16264  Temple (1/1) D:4 Zot: 5921

Altars:
Elyvilon
Fedhas
Kikubaaqudgha
Makhleb
Nemelex Xobeh
Okawaru
Ru
Uskayaw
Vehumet
Xom
Yredelemnul
Zin
The Shining One


Innate Abilities, Weirdness & Mutations

You cannot wear most types of armour.
You are amphibious.
You can wear up to eight rings at the same time.
Your skin changes colour to match your surroundings (Stealth+).
Your rubbery body absorbs attacks. (AC +1, EV +1)
((You are camouflaged when in or above water. (Stealth+)))
You have tentacles for arms and can constrict up to eight enemies at once.


Message History

You now have 5/7 mp.
Casting: Foxfire (safe; 4% risk of failure)
Confirm with . or Enter, or press ? or * to list all spells.
You conjure some foxfire!
The foxfire hits the iguana but does no damage.
The iguana is lightly wounded.
The iguana bites you.
You take 2 damage, and have 15/27 hp.
You now have 4/7 mp.
Casting: Foxfire (safe; 4% risk of failure)
Confirm with . or Enter, or press ? or * to list all spells.
You conjure some foxfire!
The foxfire hits the iguana.
The iguana is moderately wounded.
The foxfire hits the iguana but does no damage.
The iguana is moderately wounded.
The iguana bites you!
* * * LOW HITPOINT WARNING * * *
You take 9 damage, and have 6/27 hp.
MASSIVE DAMAGE!!
You now have 3/7 mp.
Casting: Foxfire (safe; 4% risk of failure)
Confirm with . or Enter, or press ? or * to list all spells.
You conjure some foxfire!
The foxfire hits the iguana but does no damage.
The iguana is moderately wounded.
The iguana misses you.
You now have 2/7 mp.
Casting: Foxfire (safe; 4% risk of failure)
Confirm with . or Enter, or press ? or * to list all spells.
You conjure some foxfire!
The foxfire hits the iguana.
The iguana is heavily wounded.
The foxfire hits the iguana.
The iguana is severely wounded.
The iguana closely misses you.
You now have 1/7 mp.
You tentacle-slap the iguana but do no damage.
You grab the iguana.
The iguana is severely wounded.
You constrict the iguana, but do no damage.
The foxfire hits the iguana.
The iguana is almost dead.
The iguana bites you!
You die...

##### ### ...#
##.##
#######l####.#.##
......>@....###.#
#######ยง####.#.##
#.# ##.## #.# #.#
#.# #.# #.# #.#
#.# #.# #.# #.#
##. #.#


You could see an iguana.

Vanquished Creatures
  A scorpion (D:4)
  An adder (D:4)
  5 ball pythons
  5 endoplasms
  3 goblins
  4 hobgoblins
  3 jackals (D:2)
  A quokka (D:1)
  3 bats
  4 frilled lizards
  2 kobolds
  6 rats
38 creatures vanquished.

Vanquished Creatures (others)
  146 foxfires
146 creatures vanquished.

Grand Total: 184 creatures vanquished

Notes
Turn   | Place    | Note
-------+----------+-------------------------------------------
     0 | D:1      | Psyclone the Octopode Fire Elementalist began the quest for
                  | the Orb.
     0 | D:1      | Reached XP level 1. HP: 11/11 MP: 3/3
   286 | D:1      | Reached XP level 2. HP: 17/17 MP: 0/5
  1197 | D:2      | Reached XP level 3. HP: 21/21 MP: 3/6
  1452 | D:2      | You fall into a shaft and drop 2 floors!
  1452 | D:4      | Found a staircase to the Ecumenical Temple.
  1464 | Temple   | Entered the Ecumenical Temple
  1587 | D:4      | Noticed a scorpion
  1605 | D:4      | Killed a scorpion
  1606 | D:4      | Reached XP level 4. HP: 7/27 MP: 0/7
  1611 | D:4      | HP: 1/27 [poisoned by a scorpion]
  1814 | D:4      | Slain by an iguana

Illustrated notes

Levels and vault maps discovered:
D:1:      roderic_octagonal_star, layout_basic
D:2:      layout_basic, chequers_serial_rivers_micro_b, uniq_sigmund,
          uniq_jessica
D:4:      layout_loops_ring, minmay_temple_entry_antechambers,
          minmay_goblin_outpost
Temple:   oiseaux_autumnal_temple

Skill      XL: |  1  2  3 |
---------------+----------+-----
Stealth        | 3 |  3.8
Conjurations   | 2 |  2.1
Dodging        | |  2.8
Spellcasting   | |  2.6
Fire Magic     | |  3.5

Action                     |  1- 3 |  4- 6 || total
---------------------------+-------+-------++-------
  Melee: Unarmed           |    14 |     1 ||    15
         Constrict         |     2 |     1 ||     3
   Cast: Foxfire           |    70 |    11 ||    81
 Armour: Skin              |    15 |     4 ||    19
  Dodge: Dodged            |    16 |     3 ||    19

Table legend: (Time is in decaauts)
 A = Elapsed time spent in this place.
 B = Non-inter-level travel time spent in this place.
 C = Inter-level travel time spent in this place.
 D = Time resting spent in this place.
 E = Time spent auto-exploring this place.
 F = Levels seen in this place.
 G = Mean time per level.
                   A        B        C        D        E       F      G
               +--------+--------+--------+--------+--------+-----+--------+
         Total |   1813 |   1745 |     68 |     61 |   1379 |   4 |  453.2 |
       Dungeon |   1734 |   1686 |     48 |     61 |   1367 |   3 |  578.0 |
        Temple |     78 |     58 |     20 |      0 |     12 |   1 |   78.0 |
               +--------+--------+--------+--------+--------+-----+--------+

Top non-repeatable levels by time:
     D:1: 1144 daAuts
     D:2: 306 daAuts
     D:4: 283 daAuts
  Temple: 78 daAuts
